 Dungeon Crawl Stone Soup version 0.27-a0-1158-gaa87e14f67 (webtiles) character file.

Game seed: 10653556686987545469

6969 leviel the Thaumaturge (level 11, -12/65 HPs)
             Began as a Djinni Conjurer on May 16, 2021.
             Mangled by a yak (14 damage)
             ... on level 8 of the Dungeon.
             The game lasted 00:17:39 (8867 turns).

leviel the Thaumaturge (Djinni Conjurer)            Turns: 8867, Time: 00:17:40

Health: -12/65     AC:  3    Str:  6    XL:     11   Next: 28%
Gold:   334        EV: 12    Int: 23    God:
                   SH:  5    Dex: 12

rFire    + + .     SeeInvis .   q - staff of air
rCold    x . .     Faith    .   o - +0 buckler
rNeg     . . .     Spirit   .   a - +0 robe
rPois    ∞         Reflect  .   (no helmet)
rElec    +         Harm     .   (no cloak)
rCorr    .         Rampage  .   l - +0 pair of gloves
Will     +....                  (boots unavailable)
Stlth    ++........             d - amulet of regeneration
HPRegen  1.20/turn              (no ring)
MPRegen  0.00/turn              (no ring)

@: brilliant, flying, slowed, studying 2 skills, very slow
A: sickness immunity, fire resistance 2, cold vulnerability 1, float, innate
caster, hp casting, extra vitality 1
a: no special abilities


You were on level 8 of the Dungeon.
You visited 1 branch of the dungeon, and saw 8 of its levels.

You collected 334 gold pieces.

Inventory:

Missiles
 g - 8 javelins
 t - 5 boomerangs of dispersal
 y - 8 atropa-tipped darts
 A - a curare-tipped dart
Armour
 a - a +0 robe (worn)
 l - a +0 pair of gloves (worn)
 o - a +0 buckler (worn)
Magical Staves
 e - a staff of cold
 q - a staff of air (weapon)
Jewellery
 d - an amulet of regeneration (around neck)
 i - a ring of ice
 s - an amulet of reflection
 C - a +6 ring of strength
Wands
 m - a wand of acid (19)
Scrolls
 j - a scroll of fear
 k - a scroll of magic mapping {unknown}
 p - a scroll of silence {unknown}
 r - a scroll of fog {unknown}
 v - 2 scrolls of teleportation
 E - a scroll of identify {@r1}
 F - a scroll of acquirement
Potions
 b - a potion of brilliance
 f - 3 potions of haste
 h - 3 potions of curing
 n - 2 potions of lignification
 u - a potion of invisibility {unknown}
 w - 2 potions of resistance {unknown}
 x - 2 potions of flight {unknown}
 z - 2 potions of attraction {unknown}
 B - a potion of berserk rage {unknown}
 D - 2 potions of cancellation {unknown}


   Skills:
 - Level 2.1 Dodging
 - Level 1.5 Stealth
 - Level 4.0 Shields
 + Level 13.0 Spellcasting
 + Level 10.5 Evocations


You had 8 spell levels left.
You knew the following spells:

 Your Spells              Type           Power      Damage    Failure   Level
a - Magic Dart            Conj           100%       1d8       1%          1
b - Searing Ray           Conj           100%       3d7       1%          2
c - Dazzling Flash        Conj/Hex       100%       N/A       1%          3
d - Fulminant Prism       Conj/Hex       42%        3d20      1%          4
e - Iskenderun's Mystic   Conj/Tloc      84%        2d17      1%          4
f - Corona                Hex            93%        N/A       1%          1
g - Ensorcelled Hibernat  Hex/Ice        100%       N/A       1%          2
h - Summon Guardian Gole  Hex/Summ       84%        N/A       1%          3
i - Airstrike             Air            53%        N/A       1%          4
j - Hailstorm             Conj/Ice       84%        3d17      1%          4
Your spell library was empty.

Dungeon Overview and Level Annotations

Branches:
Dungeon (8/15)             Temple (0/1) D:5
   Lair: D:8-11

Altars:
Uskayaw

Shops:
D:2 [   D:4 [


Innate Abilities, Weirdness & Mutations

You are immune to sickness and miasma.
You are immune to poison.
Your flesh is very heat resistant. (rF++)
You are vulnerable to cold. (rC-)
You float through the air rather than walking.
You learn spells naturally, not from books.
Your magical power is your life essence.
You have superior vitality. (+4 HP)


Message History

Aim: a wraith (heavily damaged, 83% to hit)
You feel a surge of power!
The searing ray hits the wraith.
The wraith is heavily damaged.
The searing ray hits the orc priest!
The orc priest is severely wounded. (Press . to maintain the ray.)
The wraith closely misses you.
The searing ray hits the wraith!
The wraith is almost destroyed.
The searing ray hits the orc priest!
You kill the orc priest!
The wraith hits you! The wraith barely misses you.
The searing ray hits the wraith.
The wraith is almost destroyed.
The wraith barely misses you.
The searing ray hits the wraith!
You destroy the wraith!
You finish channeling your searing ray.
The yak gores you!
Your Spellcasting skill increases to level 13!
You block the yak's attack.
Casting: Searing Ray (safe; 1% risk of failure)
Confirm with . or Enter, or press ? or * to list all spells.
Aiming: Searing Ray (safe; 1% risk of failure)
Press: ? - help, Shift-Dir - straight line, f - yak
Aim: a yak (90% to hit)
You feel a surge of power!
The searing ray hits the yak.
The yak is lightly wounded. (Press . to maintain the ray.)
The yak gores you but does no damage. You block the yak's attack.
The searing ray hits the yak!
The yak is heavily wounded.
The yak gores you!
* * * LOW HITPOINT WARNING * * *
The searing ray hits the yak!
The yak is severely wounded.
* * * LOW HITPOINT WARNING * * *
The yak gores you!
* * * LOW HITPOINT WARNING * * *
The yak gores you!
You die...

..# ### #(# #.# #.# #####.# ##.##
##.#≈#.# ##.#.## #
####..#≈#.###.###.############ #
#.....)≈.o...## ##...........####
#.##...≈.#.##.###.####...........
#.###..≈.#.###.#@## #.###.#(.###
#.# ###≈##.####Y######.# #......#
#Y# #≈#.#...)).).....# #......#
#.# #≈##.##)########## #.......
#o########.....# #.....).
#...W.Y..####.... #.......
########o# ##.### ........ #.# ..
....... #W# .## ###.##.


You could see a yak.

Vanquished Creatures
  Harold (D:7)
  2 two-headed ogres (D:8)
  Pikel (D:6)
  Prince Ribbit (D:7)
  A hornet (D:7)
  A wraith (D:8)
  Grum (D:8)
  A water moccasin (D:6)
  Edmund (D:6)
  3 sky beasts
  3 black bears
  A hornet zombie (D:6)
  2 orc warriors
  A necrophage (D:4)
  An ogre (D:7)
  2 wolves (D:8)
  2 lemures (D:6)
  A phantom (D:5)
  2 kobold brigands
  A bullfrog (D:8)
  A gnoll sergeant (D:7)
  A scorpion (D:5)
  A wyvern zombie (D:5)
  6 killer bees (D:8)
  A water moccasin skeleton (D:5)
  8 wights
  A bullfrog zombie (D:5)
  A centaur zombie (D:6)
  3 hounds
  2 jellies
  6 orc priests
  A bullfrog skeleton (D:5)
  3 centaur skeletons
  2 gnoll shamans (D:7)
  2 iguanas (D:5)
  Ijyb (D:3)
  11 orc wizards
  A killer bee zombie (D:7)
  A hound skeleton (D:5)
  A howler monkey zombie (D:8)
  11 gnolls
  7 adders
  3 white imps (D:7)
  A worm (D:2)
  6 dart slugs
  29 orcs
  8 endoplasms
  4 giant cockroaches
  10 goblins
  8 hobgoblins
  5 jackals (D:1)
  13 kobolds
  9 quokkas
  6 ball pythons
  6 bats
  7 frilled lizards
  5 rats
221 creatures vanquished.

Vanquished Creatures (others)
  An ogre (D:5)
  3 fungi (D:5)
4 creatures vanquished.

Grand Total: 225 creatures vanquished

Notes
Turn   | Place    | Note
-------+----------+-------------------------------------------
     0 | D:1      | leviel the Djinni Conjurer began the quest for the Orb.
     0 | D:1      | Reached XP level 1. HP: 15/15 MP: 0/0
   399 | D:1      | Reached XP level 2. HP: 18/21 MP: 0/0
   911 | D:1      | Reached XP level 3. HP: 24/25 MP: 0/0
   911 | D:1      | Learned a level 1 spell: Corona
  1121 | D:1      | Reached skill level 4 in Spellcasting
  1488 | D:2      | Found a faded altar of an unknown god.
  1768 | D:2      | Reached XP level 4. HP: 29/31 MP: 0/0
  2139 | D:2      | Found Addeaz's Antique Armour Boutique.
  2969 | D:3      | Reached XP level 5. HP: 23/35 MP: 0/0
  2969 | D:3      | Learned a level 2 spell: Ensorcelled Hibernation
  3011 | D:3      | Reached skill level 5 in Spellcasting
  3208 | D:3      | Noticed Ijyb
  3216 | D:3      | Killed Ijyb
  3501 | D:4      | Reached XP level 6. HP: 40/40 MP: 0/0
  3569 | D:4      | Reached skill level 1 in Shields
  3592 | D:4      | Found a hide-covered altar of Uskayaw.
  4301 | D:4      | Found Aggerphy's Armour Boutique.
  4449 | D:5      | Entered Level 5 of the Dungeon
  4449 | D:5      | Noticed a black bear
  4449 | D:5      | Noticed a necrophage
  4454 | D:5      | Reached XP level 7. HP: 32/45 MP: 0/0
  4454 | D:5      | Learned a level 3 spell: Summon Guardian Golem
  4460 | D:4      | Reached skill level 6 in Spellcasting
  4897 | D:5      | Reached XP level 8. HP: 50/50 MP: 0/0
  5124 | D:5      | Found a staircase to the Ecumenical Temple.
  5267 | D:5      | Reached skill level 7 in Spellcasting
  6191 | D:5      | Reached skill level 8 in Spellcasting
  6246 | D:6      | Reached XP level 9. HP: 55/55 MP: 0/0
  6246 | D:6      | Learned a level 4 spell: Airstrike
  6444 | D:6      | Noticed Pikel
  6451 | D:6      | Killed Pikel
  6452 | D:6      | Reached skill level 9 in Spellcasting
  6600 | D:6      | Identified the +7 flail of Efifraunn {vorpal, rN+}
  6607 | D:6      | Identified a scroll of acquirement
  6607 | D:6      | Acquired a manual of Spellcasting
  6738 | D:6      | Noticed Edmund
  6742 | D:6      | Killed Edmund
  6904 | D:6      | Reached skill level 10 in Spellcasting
  7320 | D:7      | Noticed a hornet
  7323 | D:7      | Killed a hornet
  7348 | D:7      | Acquired a manual of Evocations
  7371 | D:7      | Reached XP level 10. HP: 57/60 MP: 0/0
  7402 | D:7      | Reached skill level 1 in Evocations
  7564 | D:7      | Noticed Harold
  7585 | D:7      | Noticed Prince Ribbit
  7590 | D:7      | Killed Harold
  7591 | D:7      | Reached skill level 11 in Spellcasting
  7591 | D:7      | Reached skill level 5 in Evocations
  7591 | D:7      | Killed Prince Ribbit
  8433 | D:8      | Reached skill level 12 in Spellcasting
  8461 | D:8      | HP: 2/60 [orc warrior/+0 scimitar (14)]
  8789 | D:8      | Noticed Grum
  8793 | D:8      | Killed Grum
  8795 | D:8      | Reached XP level 11. HP: 46/65 MP: 0/0
  8795 | D:8      | Learned a level 4 spell: Hailstorm
  8796 | D:8      | Noticed a two-headed ogre
  8799 | D:8      | Killed a two-headed ogre
  8800 | D:8      | Noticed a two-headed ogre
  8801 | D:8      | Identified the ring of Suspicion {rN+ rCorr}
  8845 | D:8      | Killed a two-headed ogre
  8846 | D:8      | Reached skill level 10 in Evocations
  8864 | D:8      | Reached skill level 13 in Spellcasting
  8867 | D:8      | HP: 2/65 [yak (11)]
  8867 | D:8      | Mangled by a yak

Illustrated notes

Levels and vault maps discovered:
D:1:      dpeg_arrival_rooms_a, layout_loops_ring, minmay_misc_feat_pillars,
          chequers_serial_rivers_large_a, minmay_pentomino_z2
D:2:      layout_loops_ring, serial_shops, shop, basic_ecumenical_altar,
          st_stairs_11
D:3:      layout_loops_ring, uniq_ijyb
D:4:      layout_basic, nicolae_uskayaw_murder_on_the_dancefloor, serial_shops,
          nicolae_shop_behind_doors
D:5:      layout_rooms, minmay_temple_entry_steel_oval,
          chequers_ossuary_entry_cave, serial_aquarium, aquarium_bridge_straight
          [aquarium_subvault_bridge, aquarium_subvault_wall,
          aquarium_subvault_bridge, aquarium_subvault_window],
          aquarium_bridge_square [aquarium_subvault_bridge,
          aquarium_subvault_bridge, aquarium_subvault_bridge,
          aquarium_subvault_balcony], aquarium_window_corridor_1,
          aquarium_window_1, aquarium_window_1, aquarium_view_2d,
          aquarium_balcony_3b
D:6:      layout_gridville, kennysheep_generic_room_15, uniq_edmund, uniq_pikel
D:7:      layout_cave_pods, kennysheep_small_square, uniq_harold,
          uniq_prince_ribbit1
D:8:      hangedman_cross_stitches, layout_loops_ring,
          chequers_serial_rivers_micro_a, uniq_grum

Skill      XL: |  1  2  3  4  5  6  7  8  9 10 11 |
---------------+----------------------------------+-----
Spellcasting   | 4 5 6 8 10 12 13 | 13.0
Shields        | 2 4 |  4.0
Evocations     | 8 10 | 10.5
Dodging        | |  2.1
Stealth        | |  1.5

Action                   |  1- 3 |  4- 6 |  7- 9 | 10-12 || total
-------------------------+-------+-------+-------+-------++-------
Melee: Staff             |       |       |     6 |       ||     6
 Cast: Magic Dart        |    83 |   179 |    84 |       ||   346
       Searing Ray       |       |     2 |    13 |     7 ||    22
       Summon Guardian G |       |       |     7 |       ||     7
       Airstrike         |       |       |    48 |    81 ||   129
  Use: Scroll            |       |     2 |    11 |     2 ||    15
       Potion            |       |       |       |     3 ||     3
Armor: Robe              |     1 |     4 |    18 |     2 ||    25
Dodge: Dodged            |     4 |    15 |    51 |    18 ||    88
Block: Buckler           |       |     2 |    17 |     3 ||    22

Table legend: (Time is in decaauts)
 A = Elapsed time spent in this place.
 B = Non-inter-level travel time spent in this place.
 C = Inter-level travel time spent in this place.
 D = Time resting spent in this place.
 E = Time spent auto-exploring this place.
 F = Levels seen in this place.
 G = Mean time per level.
                   A        B        C        D        E       F      G
               +--------+--------+--------+--------+--------+-----+--------+
         Total |   8878 |   8405 |    473 |   1503 |   5798 |   8 | 1109.8 |
       Dungeon |   8878 |   8405 |    473 |   1503 |   5798 |   8 | 1109.8 |
               +--------+--------+--------+--------+--------+-----+--------+

Top non-repeatable levels by time:
     D:1: 1488 daAuts
     D:4: 1480 daAuts
     D:5: 1223 daAuts
     D:7: 1212 daAuts
     D:2: 1133 daAuts
     D:6: 972 daAuts
     D:3: 873 daAuts
     D:8: 494 daAuts
